 Dungeon Sprint DCSS version 0.30-a0-42-g806c11bf1d (webtiles) character file.

Game seed: 1935485496348627414

242 Zeldest the Grappler (level 6, -4/52 HPs)
             Began as a Vine Stalker Transmuter on Aug 31, 2022.
             Was an Initiate of Cheibriados.
             Slain by a troll (10 damage)
             ... in the Dungeon (Sprint IX: "|||||||||||||||||||||||||||||").
             The game lasted 00:01:27 (111 turns).

Zeldest the Grappler (Vine Stalker Transmuter)       Turns: 111, Time: 00:01:28

Health: -4/52      AC: 25    Str: 16    XL:     6   Next: 9%
Magic:  0/10       EV:  2    Int: 17    God:    Cheibriados [......]
Gold:   0          SH:  0    Dex: 15    Spells: 6/9 levels left

rFire   . . .      SeeInvis .      - Unarmed
rCold   . . .      Faith    .    (no shield)
rNeg    . . .      Spirit   +    (body armour currently unavailable)
rPois   +          Reflect  .    (helmet currently unavailable)
rElec   .          Harm     .    (cloak currently unavailable)
rCorr   .          Rampage  .    (gloves currently unavailable)
Will    .....      NoTele   +    (boots currently unavailable)
Stlth   +.........               (no amulet)
HPRegen 0.97/turn                k - +2 ring of protection
MPRegen 0.12/turn                l - +3 ring of intelligence

@: tree-form, wereblooded, very slightly contaminated, very slow
A: stationary, stasis, torment immunity, boosted hp, (fangs 2), regeneration 1,
magic shield, (antimagic bite), no potion heal 2
a: Renounce Religion


You were in the Dungeon.
You worshipped Cheibriados.
Cheibriados was noncommittal.
You were a tree.
You visited 1 branch

Inventory:

Armour
 a - a +0 robe
 i - a +0 pair of boots (melded)
 j - a +1 chain mail (melded)
Jewellery
 k - a +2 ring of protection (left branch)
 l - a +3 ring of intelligence (right branch)
Wands
 h - a wand of light (10)
Scrolls
 f - 2 scrolls of amnesia
 g - 2 scrolls of blinking
Potions
 c - 5 potions of curing
 d - a potion of invisibility
 e - 4 potions of magic


   Skills:
 + Level 5.5 Fighting
 + Level 0.0 Armour
 + Level 1.5 Dodging
 + Level 9.1 Unarmed Combat
 - Level 2.1 Spellcasting
 + Level 6.3 Transmutations
 + Level 0.0 Invocations


You had 6 spell levels left.
You knew the following spells:

 Your Spells              Type           Power      Damage    Failure   Level
a - Beastly Appendage     Tmut           46%        N/A       1%          1
b - Wereblood             Tmut           23%        N/A       2%          2

Your spell library contained the following spells:

 Spells                   Type           Power      Damage    Failure   Level
 Spider Form              Tmut/Pois      12%        N/A       16%         3
 Ice Form                 Ice/Tmut       12%        N/A       45%         4


Dungeon Overview and Level Annotations

Branches:
Dungeon (1/1)

Altars:
Cheibriados
Dithmenos
Elyvilon
Fedhas
Gozag
Hepliaklqana
Kikubaaqudgha
Makhleb
Nemelex Xobeh
Okawaru
Qazlal
Ru
Sif Muna
Trog
Uskayaw
Vehumet
Wu Jian
Xom
Yredelemnul
Zin
The Shining One
Jiyva
Lugonu


Innate Abilities, Weirdness & Mutations

You are a tree.
Your roots penetrate the ground, keeping you stationary.
You cannot be teleported.
You are immune to unholy pain and torment.
Your maximum health is greatly increased.
Your equipment is partially melded.
((You have extremely sharp teeth.))
Your natural rate of healing is unusually fast.
When hurt, damage is shared between your health and your magic reserves.
((Your bite disrupts and absorbs the magic of your enemies.))
Potions cannot restore your health.


Message History

[Y]es or [N]o only, please.
The spell is quite dangerous to miscast (41% risk of failure)!
Continue anyway?
You miscast Wereblood.
Nothing appears to happen.
Casting: Wereblood (quite dangerous; 41% risk of failure)
Confirm with . or Enter, or press ? or * to list all spells.
The spell is quite dangerous to miscast (41% risk of failure)!
Continue anyway?
You miscast Wereblood.
Nothing appears to happen.
Casting: Wereblood (quite dangerous; 41% risk of failure)
Confirm with . or Enter, or press ? or * to list all spells.
The spell is quite dangerous to miscast (41% risk of failure)!
Continue anyway?
Your blood is infused with primal strength.
Casting: Wereblood (quite dangerous; 41% risk of failure)
Confirm with . or Enter, or press ? or * to list all spells.
Okay, then.
You open the door.
A two-headed ogre, a gargoyle, a wight, 2 trolls and a centaur come into view.
The troll shouts!
The centaur shouts!
Okay, then.
You closely miss the troll. Your kick misses the troll.
Your headbutt misses the troll. Your bite misses the troll.
The troll bites you. The troll claws you.
The troll claws you but does no damage.
Really quaff the potion of lignification?
Your horns disappear.
Your talons disappear.
Your +0 pair of boots unmelds from your body.
You turn into a tree.
Your +0 pair of boots melds into your body.
Your +1 chain mail melds into your body.
Your roots penetrate the ground.
The troll bites you!
The troll claws you but does no damage. x2
You smack the troll!
You punch the troll.
The troll is moderately wounded.
The troll bites you. The troll claws you! x2
* * * LOW HITPOINT WARNING * * *
You smack the troll!
The troll is heavily wounded.
The troll bites you!
* * * LOW HITPOINT WARNING * * *
The troll claws you but does no damage. The troll claws you!
You die... ▓▓▓▓▓▓▓▓▓▓▓▓▓▓▓▓▓▓▓▓▓▓▓▓ _______'!.)..[..♣TO9zTc. ▓▓▓▓▓▓▓▓▓▓▓▓▓▓▓▓▓▓▓▓▓▓▓▓

You could see a two-headed ogre, 2 trolls, a gargoyle, a centaur and a wight.

Vanquished Creatures
  A black bear (D)
  An ogre (D)
  A hound (D)
  An iguana (D)
  A gnoll (D)
  A dart slug (D)
  A goblin (D)
  A jackal (D)
  2 frilled lizards (D)
10 creatures vanquished.

Notes
Turn   | Place    | Note
-------+----------+-------------------------------------------
     0 | D        | Zeldest the Vine Stalker Transmuter began the quest for the
                  | Orb.
     0 | D        | Reached XP level 1. HP: 9/9 MP: 4/4
     6 | D        | Reached skill level 1 in Fighting
    15 | D        | Reached skill level 4 in Unarmed Combat
    15 | D        | Reached XP level 2. HP: 10/15 MP: 6/6
    22 | D        | Noticed an ogre
    22 | D        | Noticed a black bear
    26 | D        | Reached skill level 5 in Unarmed Combat
    26 | D        | Reached XP level 3. HP: 19/19 MP: 5/7
    29 | D        | Killed an ogre
    30 | D        | Reached skill level 7 in Unarmed Combat
    30 | D        | Reached skill level 5 in Transmutations
    30 | D        | Gained mutation: Your natural rate of healing is unusually
                  | fast. [Vine Stalker growth]
    30 | D        | Reached XP level 4. HP: 26/26 MP: 8/8
    30 | D        | Reached XP level 5. HP: 30/30 MP: 9/9
    34 | D        | Killed a black bear
    35 | D        | Reached skill level 5 in Fighting
    35 | D        | Reached skill level 9 in Unarmed Combat
    35 | D        | Reached XP level 6. HP: 15/35 MP: 5/10
    39 | D        | Found a snail-covered altar of Cheibriados.
    39 | D        | Found a shadowy altar of Dithmenos.
    39 | D        | Found a white marble altar of Elyvilon.
    39 | D        | Found a blossoming altar of Fedhas.
    39 | D        | Found an opulent altar of Gozag.
    40 | D        | Found a hazy altar of Hepliaklqana.
    41 | D        | Found a viscous altar of Jiyva.
    42 | D        | Found an ancient bone altar of Kikubaaqudgha.
    43 | D        | Became a worshipper of Cheibriados the Contemplative
    47 | D        | Learned a level 2 spell: Wereblood
    47 | D        | Found a corrupted altar of Lugonu.
    48 | D        | Found a burning altar of Makhleb.
    49 | D        | Found a sparkling altar of Nemelex Xobeh.
    50 | D        | Found an iron altar of Okawaru.
    51 | D        | Found a stormy altar of Qazlal.
    52 | D        | Found a sacrificial altar of Ru.
    53 | D        | Found a shimmering blue altar of Sif Muna.
    54 | D        | Found a bloodstained altar of Trog.
    55 | D        | Found a hide-covered altar of Uskayaw.
    56 | D        | Found a radiant altar of Vehumet.
    57 | D        | Found an ornate altar of the Wu Jian Council.
    58 | D        | Found a shimmering altar of Xom.
    59 | D        | Found a basalt altar of Yredelemnul.
    60 | D        | Found a glowing silver altar of Zin.
    61 | D        | Found a glowing golden altar of the Shining One.
   107 | D        | Noticed a troll
   107 | D        | Noticed a two-headed ogre
   107 | D        | Noticed a gargoyle
   107 | D        | Noticed a troll
   111 | D        | Slain by a troll

Illustrated notes

Levels and vault maps discovered:
D:        linesprint [early_d, line_temple, items_1, d_10, items_2, lair_1,
          lair_end, items_3, orc_1, orc_end, items_4, d_15, swamp_1, shoals_1,
          snake_1, spider_1, d_20, vaults_1, items_5, swamp_end, shoals_end,
          snake_end, spider_end, vaults_end, d_27, items_6, zot_1, zot_end,
          crypt_end, forest_end, elf_end, slime_end, tomb_end, abyss_end,
          pan_hell_end]

Skill      XL: |  1  2  3  4  5 |
---------------+----------------+-----
Fighting       | 1 2 4 5 |  5.5
Unarmed Combat | 4 5 7 9 |  9.1
Transmutations | 3 5 6 |  6.3
Dodging        | |  1.5
Spellcasting   | |  2.1

Action                   |  1- 3 |  4- 6 || total
-------------------------+-------+-------++-------
Melee: Unarmed           |    14 |     7 ||    21
       Kick              |     4 |     1 ||     5
       Bite              |     3 |     1 ||     4
       Headbutt          |     3 |       ||     3
       Punch             |       |     1 ||     1
 Cast: Beastly Appendage |     2 |     1 ||     3
       Wereblood         |       |     1 ||     1
  Use: Potion            |     2 |     1 ||     3
Armor: Skin              |       |     3 ||     3
       Chain mail        |       |     1 ||     1
Dodge: Dodged            |     7 |       ||     7

Table legend: (Time is in decaauts)
 A = Elapsed time spent in this place.
 B = Non-inter-level travel time spent in this place.
 C = Inter-level travel time spent in this place.
 D = Time resting spent in this place.
 E = Time spent auto-exploring this place.
 F = Levels seen in this place.
 G = Mean time per level.
                   A        B        C        D        E       F      G
               +--------+--------+--------+--------+--------+-----+--------+
         Total |    110 |    110 |      0 |      0 |      0 |   1 |  110.0 |
       Dungeon |    110 |    110 |      0 |      0 |      0 |   1 |  110.0 |
               +--------+--------+--------+--------+--------+-----+--------+

Top non-repeatable levels by time:
       D: 110 daAuts
